 Dungeon Crawl Stone Soup version 0.30.0-10-gfe55d96785 (webtiles) character file.

Game seed: 7209928893391414642

79 sasquatch the Ruffian (level 4, -3/41 HPs)
             Began as a Troll Warper on May 15, 2023.
             Slain by a gnoll
             ... wielding a +0 whip
              (6 damage)
             ... on level 2 of the Dungeon.
             The game lasted 00:01:39 (837 turns).

sasquatch the Ruffian (Troll Warper)                 Turns: 837, Time: 00:01:40

Health: -3/41      AC:  4    Str: 21    XL:     4   Next: 16%
Magic:  4/4        EV:  9    Int:  9    God:
Gold:   46         SH:  0    Dex:  9    Spells: 3/5 levels left

rFire   . .          .
                       - Unarmed
rCold   . . .        (no shield)
rNeg    . . .        a - +0 robe
rPois   .            (helmet restricted)
rElec   .            (no cloak)
rCorr   .            (gloves unavailable)
SInv    .            (boots unavailable)
Will    .....        (no amulet)
Stlth   +            (no ring)
HPRegen 1.06/turn    (no ring)
MPRegen 0.09/turn

%: no passive effects
@: no status effects
A: large, unfitting armour, claws 3, regeneration 1, shaggy fur 1, tough skin 1
a: no special abilities


You were on level 2 of the Dungeon.
You visited 1 branch of the dungeon, and saw 2 of its levels.

You collected 46 gold pieces.

Inventory:

Missiles
 c - 7 boomerangs of dispersal (quivered)
Armour
 a - a +0 robe (worn)
Scrolls
 b - a scroll of blinking
 d - 4 scrolls of identify {unknown}
 f - a scroll of fog {unknown}
 g - a scroll of immolation {unknown}
 h - a scroll of teleportation {unknown}
Potions
 e - a potion of degeneration {unknown}
 i - a potion of curing {unknown}


   Skills:
 - Level 1.5 Fighting
 - Level 0.8 Throwing
 - Level 1.9 Dodging
 * Level 3.8 Unarmed Combat
 - Level 1.2 Spellcasting
 + Level 2.7 Translocations


You had 3 spell levels left.
You knew the following spells:

 Your Spells              Type           Power      Damage    Failure   Level
a - Blink                 Tloc           10%        N/A       17%         2

Your spell library contained the following spells:

 Spells                   Type           Power      Damage    Failure   Level
 Lesser Beckoning         Tloc           10%        N/A       17%         2
 Teleport Other           Tloc           5%         N/A       34%         3
 Vhi's Electric Charge    Tloc/Air       6%         N/A       52%         3
 Manifold Assault         Tloc           5%         N/A       75%         4
 Dispersal                Tloc           2%         N/A       100%        6
 Disjunction              Tloc           2%         N/A       100%        8


Dungeon Overview and Level Annotations

Branches:
Dungeon (2/15)

Altars:


Innate Abilities, Weirdness & Mutations

You are too large for most types of armour.
You have claws for hands.
Your natural rate of healing is unusually fast.
You are covered in fur. (AC +1)
You have tough skin. (AC +1)


Message History

The gnoll hits you with a +0 spear.
You barely miss the gnoll. The gnoll hits you with a +0 spear.
You scratch the gnoll.
The gnoll is heavily wounded.
The gnoll hits you with a +0 spear!
Unknown command.
You scratch the gnoll.
The gnoll is severely wounded.
The gnoll barely misses you. x2
The gnoll hits you from afar with a +0 spear.
Unknown command.
You scratch the gnoll.
The gnoll is almost dead.
The gnoll barely misses you. The gnoll closely misses you.
The gnoll barely misses you.
Unknown command.
You claw the gnoll!
You kill the gnoll!
The gnoll hits you from afar with a +0 spear!
The gnoll hits you with a +0 whip.
* * * LOW HITPOINT WARNING * * *
Unknown command.
The jackal bites you.
* * * LOW HITPOINT WARNING * * *
The jackal bites you but does no damage.
Things that are here:
a +0 spear; a gnoll corpse Unknown command.
The gnoll attacks as you move away! The gnoll hits you with a +0 whip.
* * * LOW HITPOINT WARNING * * *
Found 16 gold pieces.
The jackal bites you.
* * * LOW HITPOINT WARNING * * *
Unknown command.
Okay, then.
The jackal bites you but does no damage.
Unknown command.
The jackal attacks as you move away!
The jackal bites you but does no damage.
The gnoll attacks as you move away! The gnoll hits you with a +0 whip.
You die...

.##........ .##........
#....# .##......[.
#...$# .##........
#....# ###......).
#....# #........ #....#
###........ #....#
........... #....####
...†....... #.@.....###
.##########
####hg....... .'.......#
#...g)....... .#######.#
##.#.##.#.... .# #.#
###.#h##.#.... .#
#.###..........h. .#
#.#..............
########.#.#............
#.......#.#.........###


You could see 2 gnolls and 2 jackals.

Vanquished Creatures
  An adder (D:2)
  4 gnolls (D:2)
  5 ball pythons
  A bat (D:1)
  3 endoplasms (D:1)
  A giant cockroach (D:1)
  A goblin (D:1)
  A hobgoblin (D:1)
  6 jackals
  A quokka (D:1)
  5 kobolds
29 creatures vanquished.

Notes
Turn   | Place    | Note
-------+----------+-------------------------------------------
     0 | D:1      | sasquatch the Troll Warper began the quest for the Orb.
     0 | D:1      | Reached XP level 1. HP: 19/19 MP: 1/1
   190 | D:1      | Reached XP level 2. HP: 27/27 MP: 2/2
   213 | D:1      | Learned a level 2 spell: Blink
   639 | D:1      | Reached skill level 3 in Unarmed Combat
   718 | D:2      | Reached XP level 3. HP: 33/33 MP: 3/3
   811 | D:2      | Reached XP level 4. HP: 38/41 MP: 4/4
   835 | D:2      | HP: 2/41 [jackal (2)]
   837 | D:2      | Slain by a gnoll

Illustrated notes

Levels and vault maps discovered:
D:1:      shiori_shiawase, layout_basic, serial_corexii_hall,
          chequers_hall_statues_y, corexii_hall_statues_x
D:2:      layout_basic

Skill      XL: |  1  2 |
---------------+-------+-----
Unarmed Combat | 3 |  3.8
Fighting       | |  1.5
Throwing       | |  0.8
Dodging        | |  1.9
Spellcasting   | |  1.2
Translocations | |  2.7

Action                     |  1- 3 |  4- 6 || total
---------------------------+-------+-------++-------
  Melee: Unarmed           |    71 |     5 ||    76
 Armour: Robe              |    30 |     3 ||    33
  Dodge: Dodged            |    27 |     5 ||    32
